 Dungeon Crawl Stone Soup version 0.28.0-53-g5a82cb258f (webtiles) character file.

Game seed: 441137539535641279

2272 Doot the Zephyrmancer (level 9, 0/45 HPs)
             Began as a Tengu Air Elementalist on Aug 23, 2022.
             Slain by a hound (1 damage)
             ... on level 7 of the Dungeon.
             The game lasted 00:19:16 (9847 turns).

Doot the Zephyrmancer (Tengu Air Elementalist)      Turns: 9847, Time: 00:19:16

Health: 0/45       AC:  5    Str: 14    XL:     9   Next: 38%
Magic:  11/20      EV: 14    Int: 21    God:
Gold:   202        SH:  0    Dex: 14    Spells: 12/22 levels left

rFire   . . .      SeeInvis .   D - +3 great sword
rCold   . . .      Faith    .   (shield currently unavailable)
rNeg    . . .      Spirit   .   i - +0 leather armour
rPois   .          Reflect  .   (helmet restricted)
rElec   .          Harm     .   (no cloak)
rCorr   .          Rampage  .   m - +1 pair of gloves
Will    .....                   (boots unavailable)
Stlth   ++........              (no amulet)
HPRegen 0.15/turn               k - +6 ring of strength
MPRegen 0.17/turn               (no ring)

@: sluggish, about to teleport, flying quickly and evasively, very slow
A: beak, talons 3, nimble flight
a: no special abilities


You were on level 7 of the Dungeon.
You visited 2 branches of the dungeon, and saw 9 of its levels.

You collected 202 gold pieces.

Inventory:

Hand Weapons
 b - a +0 hand axe
 d - a +0 rapier
 l - a +0 long sword
 o - a +2 spear of pain
 C - a +4 halberd of freezing
 D - a +3 great sword (weapon)
Missiles
 u - 2 throwing nets
Armour
 a - a +0 robe
 i - a +0 leather armour (worn)
 m - a +1 pair of gloves (worn)
Jewellery
 k - a +6 ring of strength (left hand)
 A - a +6 ring of dexterity
Wands
 y - a wand of flame (9)
Scrolls
 c - a scroll of brand weapon {unknown}
 h - 3 scrolls of identify
 n - 2 scrolls of fog {unknown}
 r - a scroll of torment {unknown}
 s - a scroll of fear {unknown}
 t - a scroll of magic mapping {unknown}
 v - a scroll of noise {unknown}
 w - a scroll of amnesia {unknown}
 x - a scroll of enchant weapon {unknown}
Potions
 e - 2 potions of brilliance {unknown}
 f - a potion of berserk rage {unknown}
 g - a potion of curing {unknown}
 j - a potion of haste
 q - a potion of degeneration {unknown}
 z - a potion of might {unknown}
 B - a potion of flight {unknown}


   Skills:
 + Level 0.3 Fighting
 + Level 1.3 Polearms
 + Level 3.2 Armour
 + Level 2.5 Dodging
 + Level 3.4 Stealth
 + Level 7.1 Spellcasting
 * Level 5.2 Conjurations
 + Level 10.5 Air Magic


You had 12 spell levels left.
You knew the following spells:

 Your Spells              Type           Power      Damage    Failure   Level
a - Shock                 Conj/Air       100%       1d9       1%          1
b - Static Discharge      Conj/Air       40%        N/A       1%          2
c - Swiftness             Air            51%        N/A       1%          3
d - Airstrike             Air            25%        N/A       1%          4

Your spell library contained the following spells:

 Spells                   Type           Power      Damage    Failure   Level
 Poisonous Vapours        Pois/Air       58%        N/A       1%          2
 Stone Arrow              Conj/Erth      36%        3d9       11%         3
 Scorch                   Fire           14%        2d5       16%         2
 Tukima's Dance           Hex            7%         N/A       32%         3
 Flame Wave               Conj/Fire      18%        2d6       36%         4
 Anguish                  Hex/Necr       3%         N/A       71%         4
 Animate Armour           Summ/Erth      14%        N/A       71%         4
 Olgreb's Toxic Radiance  Pois           7%         N/A       71%         4
 Alistair's Intoxication  Tmut/Pois      4%         N/A       96%         5
 Yara's Violent Unravell  Hex/Tmut       3%         3d4       96%         5
 Summon Cactus Giant      Summ           3%         N/A       100%        6
 Enfeeble                 Hex            3%         N/A       100%        7
 Lehudib's Crystal Spear  Conj/Erth      9%         10d4      100%        8


Dungeon Overview and Level Annotations

Branches:
Dungeon (8/15)             Temple (1/1) D:6
   Lair: D:8-11

Altars:
Ashenzari
Cheibriados
Dithmenos
Fedhas
Gozag
Hepliaklqana
Kikubaaqudgha
Makhleb
Nemelex Xobeh
Okawaru
Qazlal
Ru
Sif Muna
Trog
Uskayaw
Wu Jian
Xom
Yredelemnul
Zin
The Shining One

Shops:
D:8 =


Innate Abilities, Weirdness & Mutations

You have a beak for a mouth.
You have claws for feet.
Your magical nature lets you fly swiftly and evasively.


Message History

You peck the centaur zombie, but do no damage.
The centaur zombie is heavily damaged.
The howler monkey hoots and howls with incredible vigour!
The centaur zombie barely misses you. The centaur zombie misses you.
The scorpion stings you! The centaur zombie barely misses you.
The centaur zombie kicks you but does no damage.
You hear a shout! x2
The centaur zombie misses you. x2
Your surroundings suddenly seem different.
A howler monkey zombie comes into view.
Found 15 stones.
Found an iron altar of Okawaru.
Found a stone staircase leading down.
Found an escape hatch in the floor.
You start to feel a little slower.
An orc wizard comes into view. It is wielding a +0 dagger.
A wyvern skeleton comes into view.
You feel sluggish.
The wyvern skeleton completely misses you.
The wyvern skeleton closely misses you. The wyvern skeleton misses you.
Found a short sword.
The wyvern skeleton misses you. The wyvern skeleton barely misses you.
You barely miss the orc. You peck the orc.
The orc is moderately wounded.
The wyvern skeleton bites you! The orc closely misses you.
An orc comes into view. It is wielding a +0 dagger.
The wyvern skeleton bites you!
Unknown command.
Unknown command.
As you read the scroll of teleportation, it crumbles to dust.
You feel strangely unstable.
The orc shouts!
The orc barely misses you. The wyvern skeleton barely misses you.
Unknown command.
The wyvern skeleton bites you!
* * * LOW HITPOINT WARNING * * *
The orc closely misses you. The wyvern skeleton bites you!
* * * LOW HITPOINT WARNING * * *
The hound bites you.
You die...

...##.....###...##..
...##.....###...# oZ.#
..............>.'. ..#.......
.............o..#. ..#......
................#..) #.....
##.##.##..##.##'##.# #...#
###
####..#####.##.####...#####+#
.#
#..........................
.#
#....o...o@h...............
.#
#........Z.................
##
##...#..#.##.##.##...##.... #
###########+##)##...##.... #
#....o#....#<.... #
#....o#....#..... #
#...h)#....#.....
##.##o####.###### ####.####.#


You could see a hound, 3 orcs and a wyvern skeleton.

Vanquished Creatures
  2 ice beasts
  A black bear (D:5)
  An orc warrior (D:6)
  6 ogres
  A centaur (D:6)
  A scorpion (D:4)
  A water moccasin skeleton (D:6)
  3 wights (D:6)
  A bullfrog zombie (D:5)
  3 jellies
  2 bullfrog skeletons (D:6)
  4 hounds
  2 orc priests
  3 centaur skeletons
  An iron imp (D:4)
  An iguana (D:5)
  12 orc wizards
  A hound zombie (D:5)
  4 gnolls (D:4)
  7 adders
  A white imp (D:6)
  An ufetubus (D:4)
  3 worms
  2 dart slugs
  32 orcs
  2 endoplasms (D:2)
  A giant cockroach (D:2)
  7 goblins
  8 hobgoblins
  3 jackals (D:4)
  6 quokkas
  8 ball pythons
  3 bats
  3 frilled lizards
  5 kobolds
  A quokka skeleton (D:2)
  4 rats
147 creatures vanquished.

Vanquished Creatures (others)
  8 plants (D:5)
8 creatures vanquished.

Grand Total: 155 creatures vanquished

Notes
Turn   | Place    | Note
-------+----------+-------------------------------------------
     0 | D:1      | Doot the Tengu Air Elementalist began the quest for the
                  | Orb.
     0 | D:1      | Reached XP level 1. HP: 10/10 MP: 4/4
   632 | D:1      | Found a faded altar of an unknown god.
  1079 | D:1      | Reached XP level 2. HP: 15/15 MP: 0/6
  1139 | D:1      | Learned a level 2 spell: Static Discharge
  1483 | D:2      | Reached XP level 3. HP: 19/19 MP: 5/7
  1487 | D:2      | Learned a level 3 spell: Swiftness
  1826 | D:2      | Reached skill level 5 in Air Magic
  2120 | D:3      | Reached XP level 4. HP: 4/24 MP: 5/9
  2829 | D:2      | Gained mutation: Your magical nature lets you fly swiftly
                  | and evasively. [Tengu growth]
  2829 | D:2      | Reached XP level 5. HP: 28/28 MP: 4/10
  3366 | D:3      | Learned a level 4 spell: Airstrike
  3959 | D:4      | Reached XP level 6. HP: 32/32 MP: 0/12
  4367 | D:4      | Reached skill level 6 in Air Magic
  4583 | D:4      | Reached skill level 1 in Armour
  5139 | D:4      | Reached XP level 7. HP: 29/36 MP: 1/14
  5243 | D:4      | Found a snail-covered altar of Cheibriados.
  5585 | D:4      | Reached skill level 7 in Air Magic
  5617 | D:4      | Got Hajyigia's Guide on Moulding and Toxins
  5756 | D:4      | Reached skill level 5 in Spellcasting
  6055 | D:5      | Entered Level 5 of the Dungeon
  6210 | D:5      | Reached XP level 8. HP: 20/41 MP: 8/17
  6615 | D:5      | Reached skill level 8 in Air Magic
  7028 | D:5      | Reached skill level 1 in Polearms
  7171 | D:5      | Reached skill level 9 in Air Magic
  8257 | D:6      | Reached XP level 9. HP: 45/45 MP: 14/19
  8383 | D:6      | Found a staircase to the Ecumenical Temple.
  8392 | Temple   | Entered the Ecumenical Temple
  8948 | D:6      | Reached skill level 10 in Air Magic
  9064 | D:6      | Reached skill level 5 in Conjurations
  9807 | D:8      | Found Jeasei's Jewellery Emporium.
  9823 | D:7      | Found an iron altar of Okawaru.
  9847 | D:7      | HP: 1/45 [wyvern skeleton (9)]
  9847 | D:7      | Slain by a hound

Illustrated notes

Levels and vault maps discovered:
D:1:      dpeg_arrival_pits, layout_basic, basic_ecumenical_altar
D:2:      layout_basic, chequers_avenue, minmay_pentomino_t2
D:3:      layout_loops_ring
D:4:      layout_cave_pools, slow_altar_2
D:5:      layout_basic, serial_bayou_ford_a, kennysheep_generic_room_13
D:6:      layout_basic, minmay_temple_entry_waves
D:7:      layout_gridville, mainiacjoe_overflow_cross_hatched,
          minmay_fractal_squares_gapless_5
D:8:      layout_rooms, serial_shops, shop, uniq_grum, uniq_maggie
Temple:   dpeg_five_rooms_temple

Skill      XL: |  1  2  3  4  5  6  7  8  9 |
---------------+----------------------------+-----
Air Magic      | 5 6 7 9 10 | 10.5
Conjurations   | 2 3 4 5 |  5.2
Spellcasting   | 3 4 5 6 7 |  7.1
Stealth        | 3 |  3.4
Armour         | 1 2 3 |  3.2
Polearms       | 1 |  1.3
Fighting       | |  0.3
Dodging        | |  2.5

Action                   |  1- 3 |  4- 6 |  7- 9 || total
-------------------------+-------+-------+-------++-------
Melee: Rapier            |     1 |     1 |       ||     2
       Kick              |       |     3 |     1 ||     4
       Spear             |       |     7 |     3 ||    10
       Peck              |       |     1 |     2 ||     3
       Great sword       |       |       |     4 ||     4
 Cast: Shock             |    60 |    85 |    57 ||   202
       Swiftness         |     1 |       |     3 ||     4
       Airstrike         |       |    12 |    63 ||    75
       Static Discharge  |       |     7 |    10 ||    17
  Use: Potion            |       |     1 |       ||     1
       Scroll            |       |       |     4 ||     4
 Stab: Sleeping          |     1 |       |       ||     1
Armor: Robe              |     2 |       |       ||     2
       Leather armour    |     1 |    11 |    10 ||    22
Dodge: Dodged            |    15 |    30 |    35 ||    80
